 Dungeon Crawl Stone Soup version 0.31-a0-214-gb37851dbb3 (webtiles) character file.

Game seed: 9428759088456968527

66 qw the Chopper (level 4, -3/28 HPs)
             Began as a Gargoyle Fighter on July 1, 2023.
             Slain by Sigmund
             ... wielding a +0 scythe
              (7 damage)
             ... on level 2 of the Dungeon.
             The game lasted 00:00:34 (1109 turns).

qw the Chopper (Gargoyle Fighter)                   Turns: 1109, Time: 00:00:34

Health: -3/28      AC: 14    Str: 21    XL:     4   Next: 15%
Magic:  4/4        EV:  9    Int:  9    God:
Gold:   39         SH:  4    Dex:  9    Spells: 3/3 levels left

rFire   . . .        Y - +1 war axe (heavy)
rCold   . . .        c - +0 buckler
rNeg    + . .        b - +0 scale mail
rPois   inf          (no helmet)
rElec   +            (no cloak)
rCorr   .            h - +2 pair of gloves
SInv    .            k - +0 pair of boots
Will    .....        (no amulet) Stlth
                     (no ring)
HPRegen 0.24/turn    (no ring)
MPRegen 0.09/turn

%: no passive effects
@: no status effects
A: sickness immunity, AC +3, negative energy resistance 1, electricity
resistance, torment resistance 1, petrification resistance
a: no special abilities


You were on level 2 of the Dungeon.
You visited 1 branch of the dungeon, and saw 2 of its levels.

You collected 39 gold pieces.


Innate Abilities, Weirdness & Mutations

You are immune to sickness and miasma.
Your stone body is resilient. (AC +3)
You are immune to poison.
You resist negative energy. (rN+)
You are resistant to electric shocks. (rElec)
You are resistant to unholy torment.
You are immune to petrification.


   Skills:
 - Level 3.2 Fighting
 + Level 3.9 Axes
 - Level 3.2 Armour
 - Level 3.2 Shields


You had 3 spell levels left.
You didn't know any spells.
Your spell library was empty.

Inventory:

Hand Weapons
 j - a +0 club
 Y - a +1 heavy war axe (weapon)
Armour
 b - a +0 scale mail (worn)
 c - a +0 buckler (worn)
 f - a +0 helmet
 h - a +2 pair of gloves (worn)
 k - a +0 pair of boots (worn)
Scrolls
 a - 3 scrolls of identify {unknown}
 i - a scroll of blinking {unknown}
Potions
 d - a potion of might
 e - a potion of attraction {unknown}
 g - 2 potions of brilliance {unknown}
 l - a potion of lignification {unknown}

Dungeon Overview and Level Annotations

Branches:
Dungeon (2/15)

Altars:

Annotations:
D:2 Sigmund


Message History

There is an open door here.
a - 2 scrolls labelled SIREYR UDURGH (gained 1)
An endoplasm comes into view.
The endoplasm quivers.
You see here a scroll labelled SIREYR UDURGH.
Enter note:
Enter note: You slice the endoplasm!!
You kill the endoplasm!
a - 3 scrolls labelled SIREYR UDURGH (gained 1) Sigmund the Dreaded comes into view.
He is wielding a +0 scythe and wearing a +0 robe of cold resistance.
Sigmund shouts!
Enter note:
Enter note:
1094 ||| Stepping ~*~*~tactically~*~*~ (hiding).
You start waiting.
Sigmund is nearby!
1097 ||| Stepping ~*~*~tactically~*~*~ (hiding).
1098 ||| Stepping ~*~*~tactically~*~*~ (hiding).
1099 ||| Stepping ~*~*~tactically~*~*~ (hiding).
1100 ||| Stepping ~*~*~tactically~*~*~ (hiding).
1101 ||| Stepping ~*~*~tactically~*~*~ (hiding).
1102 ||| Stepping ~*~*~tactically~*~*~ (hiding).
Sigmund breathes a few words.
Sigmund's hands start flickering wildly.
Sigmund hits you from afar with a +0 scythe!
Sigmund hits you with a +0 scythe.
You closely miss Sigmund. Sigmund hits you with a +0 scythe.
You hit Sigmund but do no damage. Sigmund hits you with a +0 scythe.
You slash Sigmund!
Sigmund is heavily wounded.
Sigmund casts a spell.
Sigmund flickers and vanishes!
Deactivating autopickup; reactivate with Ctrl-A.
Something hits you!
You barely miss something. Something hits you!
You die...

#..#................
#....####.##......## #.#..#
#.........# #.#..#
####......# # ...# #......#
##.## #.#....#
#########################
####......{.................
.......#..#@.#..#..#..#..#..
#........................
.......#..#..#..#..#..#..#..
.##.........................
.....#######################
.##.. #>..# #......... @..
##.## ##.......# ... #.#
##.....## .## #.# ##...##


There were no monsters in sight!

Vanquished Creatures
  Robin (D:2)
  An adder (D:2)
  A worm (D:2)
  A dart slug (D:1)
  5 ball pythons
  2 endoplasms
  2 giant cockroaches
  9 goblins
  9 hobgoblins
  A quokka (D:1)
  A frilled lizard (D:1)
  A kobold (D:1)
  2 rats (D:1)
36 creatures vanquished.

Notes
Turn   | Place    | Note
-------+----------+-------------------------------------------
     0 | D:1      | qw the Gargoyle Fighter began the quest for the Orb.
     0 | D:1      | Reached XP level 1. HP: 14/14 MP: 1/1
     0 | D:1      | 0 ||| qw: Version: 0.3-a-32-g5962c71
     0 | D:1      | 0 ||| qw: Game counter: 7528
     0 | D:1      | 0 ||| qw: Melee chars always use a shield: true
     0 | D:1      | 0 ||| qw: God list: Okawaru
     0 | D:1      | 0 ||| qw: Allow faded altars: false
     0 | D:1      | 0 ||| qw: Do Orc after clearing Dungeon:15 true
     0 | D:1      | 0 ||| qw: Do second Lair branch before Depths: true
     0 | D:1      | 0 ||| qw: Lair rune preference: random
     0 | D:1      | 0 ||| qw: Goals: Normal, Zot:1-4, Slime:5, God:TSO, Crypt,
                  | Tomb, Abyss, Pan, Hells, Win
     0 | D:1      | 0 ||| PLANNING D:1-11
    27 | D:1      | 27 ||| Stepping ~*~*~tactically~*~*~ (stealth).
   111 | D:1      | Reached XP level 2. HP: 19/19 MP: 2/2
   371 | D:1      | 371 ||| FLEEEEING.
   372 | D:1      | 372 ||| FLEEEEING.
   422 | D:1      | Reached skill level 3 in Axes
   544 | D:1      | 544 ||| UPGRADING to +2 pair of gloves.
   549 | D:1      | 549 ||| UPGRADING to +0 pair of boots.
   554 | D:1      | 554 ||| READING scroll labelled TYDETO MUINAMP.
   555 | D:1      | 555 ||| READING scroll labelled AFAYRU BUOFO.
   556 | D:1      | 556 ||| READING scroll labelled TIUKUGUINET.
   557 | D:1      | 557 ||| READING scroll labelled RADOXESICI.
   663 | D:2      | Reached XP level 3. HP: 21/23 MP: 3/3
   674 | D:2      | Noticed Robin
   690 | D:2      | Killed Robin
   691 | D:2      | Reached XP level 4. HP: 23/28 MP: 4/4
  1093 | D:2      | Noticed Sigmund
  1094 | D:2      | 1094 ||| Stepping ~*~*~tactically~*~*~ (hiding).
  1097 | D:2      | 1097 ||| Stepping ~*~*~tactically~*~*~ (hiding).
  1098 | D:2      | 1098 ||| Stepping ~*~*~tactically~*~*~ (hiding).
  1099 | D:2      | 1099 ||| Stepping ~*~*~tactically~*~*~ (hiding).
  1100 | D:2      | 1100 ||| Stepping ~*~*~tactically~*~*~ (hiding).
  1101 | D:2      | 1101 ||| Stepping ~*~*~tactically~*~*~ (hiding).
  1102 | D:2      | 1102 ||| Stepping ~*~*~tactically~*~*~ (hiding).
  1108 | D:2      | HP: 4/28 [something (8)]
  1109 | D:2      | Slain by Sigmund

Levels and vault maps discovered:
D:1:      denvon_arrival_waterhouse, layout_basic
D:2:      layout_loops_corners, columned_hall_lemuel, uniq_robin, uniq_sigmund

Skill      XL: |  1  2 |
---------------+-------+-----
Axes           | 2 3 |  3.9
Fighting       | |  3.2
Armour         | |  3.2
Shields        | |  3.2

Action                     |  1- 3 |  4- 6 || total
---------------------------+-------+-------++-------
  Melee: War axe           |    74 |    10 ||    84
    Use: Scroll            |     4 |       ||     4
 Armour: Scale mail        |    29 |     1 ||    30
  Dodge: Dodged            |    44 |     3 ||    47
  Block: Buckler           |    21 |       ||    21

Table legend:
 A = Non-vault XP
 B = Vault XP
 C = Vault XP percentage of total XP
 D = Non-vault monster count
 E = Vault monster count
 F = Vault count percentage of total count
                 A         B        C        D         E       F
            +---------+---------+-------+---------+---------+-------
      Total |      56 |      39 |  41.1 |      23 |      13 |  36.1
            +---------+---------+-------+---------+---------+-------
        D:1 |      33 |       0 |   0.0 |      18 |       0 |   0.0
        D:2 |      23 |      39 |  62.9 |       5 |      13 |  72.2
            +---------+---------+-------+---------+---------+-------
